 Dungeon Crawl Stone Soup version 0.28-a0-1184-g53156a8862 (webtiles) character file.

Game seed: 16869668387219429480

770 leviel the Skirmisher (level 7, 0/62 HPs)
             Began as a Hill Orc Fighter on Dec 18, 2021.
             Was an Initiate of the Shining One.
             Succumbed to a water moccasin's poison
             ... on level 5 of the Dungeon.
             The game lasted 00:06:18 (5393 turns).

leviel the Skirmisher (Hill Orc Fighter)            Turns: 5393, Time: 00:06:19

Health: 0/62       AC: 13    Str: 21    XL:     7   Next: 82%
Magic:  7/7        EV:  6    Int: 10    God:    the Shining One [......]
Gold:   166        SH:  5    Dex: 10    Spells: 6/6 levels left

rFire   . . .      SeeInvis .   a - +0 war axe
rCold   . . .      Faith    .   c - +0 buckler
rNeg    . . .      Spirit   .   f - +0 plate armour
rPois   .          Reflect  .   d - +0 helmet
rElec   .          Harm     .   (no cloak)
rCorr   .          Rampage  .   (no gloves)
Will    .....      Clarity  +   (no boots)
Stlth   ..........              (no amulet)
HPRegen 0.20/turn               (no ring)
MPRegen 0.10/turn               (no ring)

@: lethally poisoned (0 -> -4), on berserk cooldown, slowed, glowing, studying
Crossbows, very slow
A: clarity, clever 1, screaming 1
a: Renounce Religion


You were on level 5 of the Dungeon.
You worshipped the Shining One.
The Shining One was noncommittal.
You visited 2 branches of the dungeon, and saw 6 of its levels.

You collected 166 gold pieces.

Inventory:

Hand Weapons
 a - a +0 war axe (weapon)
Missiles
 h - 18 poisoned darts
Armour
 c - a +0 buckler (worn)
 d - a +0 helmet (worn)
 f - a +0 plate armour (worn)
Jewellery
 o - a ring of magical power
Wands
 g - a wand of paralysis (5) (quivered)
Potions
 b - a potion of berserk rage
 i - a potion of ambrosia {unknown}
 j - a potion of flight


   Skills:
 + Level 5.8 Fighting
 + Level 5.6 Axes
 + Level 2.7 Throwing
 + Level 5.4 Armour
 + Level 5.2 Shields


You had 6 spell levels left.
You didn't know any spells.
Your spell library contained the following spells:

 Spells                   Type           Power      Damage    Failure   Level
 Apportation              Tloc           0%         N/A       100%        1
 Slow                     Hex            0%         N/A       100%        1
 Ensorcelled Hibernation  Hex/Ice        0%         N/A       100%        2
 Confusing Touch          Hex            0%         N/A       100%        3
 Dazzling Flash           Conj/Hex       0%         N/A       100%        3
 Spider Form              Tmut/Pois      0%         N/A       100%        3
 Vampiric Draining        Necr           0%         2d6       100%        3
 Agony                    Necr           0%         N/A       100%        5
 Alistair's Intoxication  Tmut/Pois      0%         N/A       100%        5
 Silence                  Hex/Air        0%         N/A       100%        5


Dungeon Overview and Level Annotations

Branches:
Dungeon (5/15)             Temple (1/1) D:4

Altars:
Ashenzari
Cheibriados
Dithmenos
Elyvilon
Fedhas
Gozag
Hepliaklqana
Kikubaaqudgha
Makhleb
Nemelex Xobeh
Okawaru
Qazlal
Ru
Sif Muna
Trog
Uskayaw
Vehumet
Wu Jian
Xom
Yredelemnul
Zin
The Shining One


Innate Abilities, Weirdness & Mutations

You possess an exceptional clarity of mind.
Your mind is acute. (Int +2)
You occasionally shout uncontrollably at your foes.


Message History

* * * LOW HITPOINT WARNING * * *
You are lethally poisoned!
The water moccasin poisons you!
* * * LOW HITPOINT WARNING * * *
You feel very sick.
You aren't carrying any scrolls.
You feel better. The water moccasin bites you!
* * * LOW HITPOINT WARNING * * *
You are lethally poisoned!
The water moccasin poisons you!
The water moccasin bites you but does no damage.
A red film seems to cover your vision as you go berserk!
You feel yourself moving faster!
You feel mighty!
* * * LOW HITPOINT WARNING * * *
You feel very sick.
The water moccasin bites you but does no damage.
You miss the water moccasin.
The water moccasin is heavily wounded.
* * * LOW HITPOINT WARNING * * *
You feel sick. The water moccasin closely misses you.
You miss the water moccasin.
The water moccasin is heavily wounded.
* * * LOW HITPOINT WARNING * * *
You feel sick.
The water moccasin bites you but does no damage.
You slice the water moccasin!!
You kill the water moccasin!
* * * LOW HITPOINT WARNING * * *
You feel sick.
You are too berserk!
* * * LOW HITPOINT WARNING * * *
You feel sick.
There is an open door here.
You feel a strong urge to attack something.
* * * LOW HITPOINT WARNING * * *
You feel sick.
You are no longer berserk.
You are exhausted.
You feel yourself slow down.
You die...

#....'......#......
#####....#....##.<####.†.##.
.........#....##..####...##.
.........#'#####............
.........#....##............
.........#.....#............
.........#....##..###....##.
.........#....##..###....##.
)........'.@..#..........#..
.........#....#..........#..
.....#####....##.........#..
.... ####+##.........#.. ..#
######....#.. # #....##.
##...>##. #........
#........


There were no monsters in sight!

Vanquished Creatures
  A yak (D:4)
  Edmund (D:4)
  A water moccasin (D:5)
  A scorpion (D:5)
  A bullfrog zombie (D:3)
  An orc priest (D:3)
  Natasha (thrice) (D:4)
  6 gnolls (D:4)
  5 adders
  A white imp (D:3)
  An ufetubus (D:5)
  4 worms
  3 dart slugs
  3 orcs (D:3)
  3 bats
  6 endoplasms
  6 giant cockroaches
  5 goblins
  8 hobgoblins
  5 jackals
  8 kobolds
  6 quokkas
  5 ball pythons
  2 frilled lizards (D:1)
  4 rats
90 creatures vanquished.

Notes
Turn   | Place    | Note
-------+----------+-------------------------------------------
     0 | D:1      | leviel the Hill Orc Fighter began the quest for the Orb.
     0 | D:1      | Reached XP level 1. HP: 19/19 MP: 1/1
   137 | D:1      | Reached XP level 2. HP: 27/27 MP: 2/2
   535 | D:1      | Reached XP level 3. HP: 30/33 MP: 3/3
  1541 | D:2      | Reached XP level 4. HP: 40/40 MP: 4/4
  1871 | D:2      | Found a bloodstained altar of Trog.
  2189 | D:3      | Found a sacrificial altar of Ru.
  2611 | D:3      | Reached skill level 1 in Throwing
  2611 | D:3      | Reached XP level 5. HP: 40/47 MP: 5/5
  3376 | D:4      | Identified a scroll of acquirement
  3376 | D:4      | Acquired the amulet "Dotok" {RegenMP Harm rN+ Str-2 Dex+2}
  3738 | D:4      | Noticed Natasha
  3747 | D:4      | Killed Natasha
  3751 | D:4      | Noticed Natasha
  3759 | D:4      | Killed Natasha
  3760 | D:4      | Reached XP level 6. HP: 44/55 MP: 6/6
  3763 | D:4      | Noticed a yak
  3768 | D:4      | Killed a yak
  3769 | D:4      | Reached skill level 5 in Fighting
  4119 | D:4      | Reached XP level 7. HP: 52/61 MP: 7/7
  4121 | D:4      | Gained mutation: You occasionally shout uncontrollably at
                  | your foes. [potion of mutation]
  4121 | D:4      | Gained mutation: You possess an exceptional clarity of
                  | mind. [potion of mutation]
  4121 | D:4      | Gained mutation: Your mind is acute. (Int +2) [potion of
                  | mutation]
  4213 | D:4      | Reached skill level 5 in Axes
  4299 | D:4      | Found a staircase to the Ecumenical Temple.
  4362 | D:4      | Noticed Edmund
  4373 | D:4      | Killed Edmund
  4374 | D:4      | Reached skill level 5 in Armour
  4484 | D:4      | Noticed Natasha
  4495 | D:4      | Killed Natasha
  4496 | D:4      | Reached skill level 5 in Shields
  4778 | Temple   | Entered the Ecumenical Temple
  5140 | Temple   | Became a worshipper of the Shining One
  5200 | D:5      | Entered Level 5 of the Dungeon
  5385 | D:5      | HP: 3/62 [poisoned by a water moccasin]
  5390 | D:5      | HP: 2/93 [poisoned by a water moccasin]
  5393 | D:5      | Succumbed to a water moccasin's poison

Illustrated notes

Levels and vault maps discovered:
D:1:      elethiomel_arrival_quiet, layout_basic
D:2:      layout_loops_corners, basic_altar, kennysheep_flooded_box
D:3:      layout_loops_cross, nicolae_ru_sacrificial_ziggurat
D:4:      layout_loops_corners, minmay_temple_entry_arrows, minmay_manual_mess,
          uniq_natasha, uniq_edmund
D:5:      nicolae_cairo_tiling_large_dashed, layout_gridville
Temple:   mainiacjoe_temple_circle_huts

Skill      XL: |  1  2  3  4  5  6  7 |
---------------+----------------------+-----
Axes           | 3 4 5 |  5.6
Fighting       | 4 5 |  5.8
Armour         | 4 5 |  5.4
Shields        | 4 5 |  5.2
Throwing       | 1 2 |  2.7

Action                   |  1- 3 |  4- 6 |  7- 9 || total
-------------------------+-------+-------+-------++-------
Melee: War axe           |   135 |   154 |    64 ||   353
Throw: Dart              |    17 |       |       ||    17
Evoke: Wand              |       |       |     4 ||     4
  Use: Scroll            |       |     7 |       ||     7
       Potion            |       |     5 |     3 ||     8
Armor: Scale mail        |    24 |       |       ||    24
       Plate armour      |    91 |    72 |    36 ||   199
Dodge: Dodged            |    47 |    44 |     9 ||   100
Block: Buckler           |    46 |    27 |    18 ||    91

Table legend: (Time is in decaauts)
 A = Elapsed time spent in this place.
 B = Non-inter-level travel time spent in this place.
 C = Inter-level travel time spent in this place.
 D = Time resting spent in this place.
 E = Time spent auto-exploring this place.
 F = Levels seen in this place.
 G = Mean time per level.
                   A        B        C        D        E       F      G
               +--------+--------+--------+--------+--------+-----+--------+
         Total |   5480 |   5289 |    191 |    613 |   3856 |   6 |  913.3 |
       Dungeon |   5096 |   4955 |    141 |    613 |   3544 |   5 | 1019.2 |
        Temple |    383 |    333 |     50 |      0 |    312 |   1 |  383.0 |
               +--------+--------+--------+--------+--------+-----+--------+

Top non-repeatable levels by time:
     D:4: 1479 daAuts
     D:2: 1463 daAuts
     D:3: 1193 daAuts
     D:1: 762 daAuts
  Temple: 383 daAuts
     D:5: 196 daAuts
